 Dungeon Crawl Stone Soup version 0.20.0-15-g7f486f2 (webtiles) character file.

2003270 botchamania the Slayer (level 27, 173/173 HPs)
             Began as a Gargoyle Fighter on June 19, 2017.
             Was the Champion of Makhleb.
             Escaped with the Orb
             ... and 3 runes on June 22, 2017!
             The game lasted 03:05:48 (48617 turns).

botchamania the Slayer (Gargoyle Fighter)          Turns: 48617, Time: 03:05:48

Health: 173/173    AC: 63    Str: 29      XL:     27
Magic:  28/28      EV: 18    Int:  9 (14) God:    Makhleb [******]
Gold:   1700       SH:  0    Dex: 15      Spells: 44/44 levels left

rFire    + + +     SeeInvis +   N - +11 great mace of Fihe {crush, rF- rN+ Str+7 Int+2}
rCold    + . .     Gourm    .   (shield currently unavailable)
rNeg     + + .     Faith    .   r - +7 plate armour {rF+}
rPois    ∞         Spirit   .   k - +2 helmet {SInv}
rElec    +         Reflect  .   V - +2 cloak {rC+}
rCorr    +         Harm     .   u - +0 pair of gloves of an ossuary {rF+ rCorr} (curse)
MR       +++..     Clarity  +   p - +1 pair of boots {run}
Stlth    ..........             q - amulet of regeneration
Regen    0.8/turn               y - ring of protection from fire
MPRegen  0.3/turn               S - ring of protection from magic

@: flying, quick
A: big wings, icy blue scales 2, blurry vision 1, clarity, clumsy 1, fire
resistance 1, frail 1, low mp 2, negative energy resistance 1, electricity
resistance, wild magic 1, unbreathing, petrification resistance, rot immunity,
AC +20
0: Orb of Zot
}: 3/15 runes: decaying, serpentine, silver
a: Stop Flying, Minor Destruction, Lesser Servant of Makhleb, Major Destruction,
Greater Servant of Makhleb, Renounce Religion


You escaped.
You worshipped Makhleb.
Makhleb was exalted by your worship.
You were very hungry.

You visited 9 branches of the dungeon, and saw 47 of its levels.
You visited the Abyss 4 times.
You also visited: Labyrinth, Ice Cave and Volcano.

You collected 4389 gold pieces.
You spent 2689 gold pieces at shops.

Inventory:

Hand Weapons
 a - a +0 sacred scourge of holy wrath
 t - a +1 great mace of venom
 N - the +11 great mace of Fihe (weapon) {crush, rF- rN+ Str+7 Int+2}
   (You found it on level 3 of the Vaults)

   It inflicts extra damage upon your enemies.
   It affects your strength (+7).
   It affects your intelligence (+2).
   It makes you vulnerable to fire.
   It protects you from negative energy.
 R - a +4 great mace of flaming
Armour
 h - a +2 pair of boots
 k - a +2 helmet of see invisible (worn)
 o - a scarf of repulsion
 p - a +1 pair of boots of running (worn)
 r - a +7 plate armour of fire resistance (worn)
 u - the cursed +0 pair of gloves of an ossuary (worn) {rF+ rCorr}
   (You found it on level 2 of the Depths)

   It protects you from fire.
   It protects you from acid and corrosion.
   It has a curse placed upon it.
 x - a +2 hat of see invisible
 z - a +2 helmet
 G - the +0 pair of gloves of the New World {Str+9 Int-2}
   (You found it on level 5 of the Lair of Beasts)

   It affects your strength (+9).
   It affects your intelligence (-2).
 V - a +2 cloak of cold resistance (worn)
Jewellery
 m - an uncursed amulet of harm
 q - an amulet of regeneration (around neck)
 y - a ring of protection from fire (left hand)
 C - an uncursed ring of resist corrosion
 E - an uncursed ring of protection from fire
 S - a ring of protection from magic (right hand)
 Z - an uncursed amulet of magic regeneration
Wands
 b - a wand of paralysis (14/24)
 Q - a wand of paralysis (6/24)
Scrolls
 c - a scroll of amnesia
 e - 5 scrolls of enchant weapon
 l - 2 scrolls of fear
 s - 8 scrolls of identify
 v - 27 scrolls of remove curse
 B - 11 scrolls of teleportation
 I - 2 scrolls of silence
 J - 3 scrolls of fog
 O - a scroll of magic mapping
 U - 7 scrolls of recharging
 X - 5 scrolls of blinking
Potions
 d - 2 potions of might
 j - 4 potions of cancellation
 A - 9 potions of brilliance
 D - 21 potions of curing
 F - 5 potions of mutation
 H - 4 potions of invisibility
 L - 3 potions of haste
 M - 3 potions of agility
 W - 3 potions of resistance
Comestibles
 f - 6 bread rations
 g - 42 fruits
 i - 16 meat rations
 n - 25 royal jellies


   Skills:
 + Level 25.4 Fighting
 - Level 22.5 Maces & Flails
 + Level 22.3 Armour
 + Level 15.2 Dodging
   Level 3.2 Shields
 + Level 9.2 Spellcasting
 - Level 12.6 Invocations
 + Level 10.2 Evocations


You had 44 spell levels left.
You didn't know any spells.

Dungeon Overview and Level Annotations

Branches:
Dungeon (15/15)            Temple (1/1) D:6            Lair (6/6) D:9
  Swamp (4/4) Lair:4        Snake (4/4) Lair:4        Slime (0/5) Lair:6
    Orc (2/2) D:9             Elf (0/3) Orc:2        Vaults (5/5) D:14
  Crypt (0/3) Vaults:2     Depths (5/5) D:15            Zot (5/5) Depths:5

Altars:
Ashenzari
Cheibriados
Dithmenos
Elyvilon
Fedhas
Kikubaaqudgha
Makhleb
Okawaru
Qazlal
Ru
Trog
Uskayaw
Vehumet
Xom
Yredelemnul
Zin
The Shining One
Beogh
Jiyva

Shops:
D:10 *   Orc:2 :*[(   Snake:1 *   Snake:3 ?   Vaults:1 *   Vaults:3 }
Vaults:4 (   Depths:3 [

Portals:
Hell: Depths:1 Depths:2 Depths:3
Abyss: Depths:1 Depths:4
Pandemonium: Depths:1 Depths:3
Ziggurat: Depths:2
Trove: D:12 (show slimy rune of Zot)

Annotations:
D:11 exclusion: 2 oklob plants
Lair:5 exclusion: oklob plant
Swamp:3 exclusion: Roxanne, Roxanne
Orc:1 exclusion: oklob plant
Depths:4 exclusion: 2 orange crystal statues


Innate Abilities, Weirdness & Mutations

You are resistant to torment.
Your stone body is resilient. (AC +20)
You are immune to poison.
Your large and strong wings let you fly indefinitely.
You resist negative energy. (rN+)
You are resistant to electric shocks. (rElec)
You can survive without breathing.
You are immune to petrification.
You are immune to rotting.
You are mostly covered in icy blue scales. (AC +3)
Scrolls take you a little longer to read.
You possess an exceptional clarity of mind.
You are clumsy. (Dex -2)
Your flesh is heat resistant. (rF+)
You are frail. (-10% HP)
Your magical capacity is very low. (-20% MP)
Your spells are a little harder to cast, but a little more powerful.


Message History

Your body is wracked with pain!
You bludgeon the tormentor!!
You kill the tormentor!
Makhleb accepts your kill.
You feel better.
The neqoxec gestures.
The ufetubus hits you but does no damage.
The ufetubus barely misses you.
The neqoxec hits you but does no damage.
You pound the neqoxec like an anvil!!!
You kill the neqoxec!
Makhleb accepts your kill.
You feel better.
The ufetubus disappears in a puff of smoke!
No target in view!
No target in view!
Unknown command.
You are feeling very hungry.
There is a staircase leading out of the dungeon here.
You have escaped!

##### #...###
############.#....
#..............###
##...#######.#.##
#...........(#.#
#.@..........#.#
#..#'#####...#.####
#..##...##.........
#..#.#'#.'...#.###.
##..#.#>#.#...#.# #.
###...#.###.#.....#
#.
#.....##...##.....#
#.
#.##..#######....##
#. #####
##.##...........####
#.


There were no monsters in sight!

Vanquished Creatures
  An orb of fire (Zot:5)
  3 ancient liches
  2 juggernauts
  Mennas (Vaults:3)
  Boris (Vaults:4)
  Saint Roka (Vaults:5)
  A curse toe (Zot:5)
  5 Killer Klowns (Zot:5)
  7 golden dragons
  Xtahua (Vaults:3)
  A profane servitor (Abyss:4)
  A bone dragon (Swamp:4)
  3 electric golems (Zot:5)
  Jorgrun (Vaults:5)
  A Brimstone Fiend (D:3)
  6 tentacled monstrosities
  An Ice Fiend (IceCv)
  23 Orb Guardians
  3 liches
  A titan (Vaults:5)
  5 quicksilver dragons
  2 sphinxes
  2 Executioners
  A tentacled starspawn (Abyss:4)
  4 death cobs
  3 thorn hunters
  Kirke (Swamp:1)
  9 tengu reavers
  8 storm dragons
  11 nagarajas
  6 fire giants
  A warmonger (Depths:3)
  8 shadow dragons
  An iron dragon (Depths:2)
  The ghost of fili the Warrior, an adept GrBe of Trog (Snake:4)
  4 deep elf sorcerers
  14 frost giants
  Louise (Swamp:1)
  Aizul (Swamp:2)
  A draconian knight (Depths:5)
  A juggernaut zombie (Depths:3)
  A caustic shrike zombie (Depths:3)
  A cacodemon (Abyss:4)
  5 ghost moths
  17 vault wardens
  The ghost of Fingolfin the Grappler, a journeyman NaTm of Cheibriados (Lair:6)
  An orc warlord (Orc:1)
  2 draconian stormcallers (Zot:5)
  17 very ugly things
  A reaper (Depths:3)
  A draconian annihilator (Zot:5)
  3 entropy weavers
  16 ironheart preservers
  16 stone giants
  Nessos (Orc:2)
  A stone giant (shapeshifter) (Vaults:5)
  5 black draconians
  4 green draconians
  4 deep elf demonologists
  2 vampire knights (Depths:2)
  2 yellow draconians (Depths:5)
  4 spark wasps
  A white draconian (Zot:1)
  3 deep elf annihilators
  3 purple draconians
  2 red draconians
  2 lorocyprocas
  A minotaur (Lab)
  Snorg (Orc:2)
  3 deep elf death magi
  A deep elf high priest (Vaults:5)
  16 ettins
  The ghost of pichaelthompson the Protected, a journeyman DsBe of Trog (D:12)
  A fire dragon (shapeshifter) (Vaults:5)
  A crystal guardian (Vaults:3)
  21 yaktaur captains
  A minotaur (shapeshifter) (Vaults:2)
  3 fire dragons
  9 hydras
  31 vault guards
  16 ice dragons
  7 great orbs of eyes
  17 naga warriors
  7 spriggan air magi
  A monstrous demonspawn (Depths:3)
  6 centaur warriors
  6 rakshasas
  4 ghost crabs
  4 catoblepae
  9 anacondas
  3 tengu warriors
  11 death yaks (Lair:6)
  46 two-headed ogres
  4 dancing weapons
  7 death knights
  A queen ant (Lair:4)
  14 ogre magi
  22 deep troll shamans
  8 shock serpents
  12 alligators
  3 spriggan berserkers
  20 naga sharpshooters
  6 deep troll earth magi
  A soul eater (Depths:4)
  Sonja (Orc:2)
  12 hell knights
  A shock serpent (shapeshifter) (Depths:2)
  A sun demon (Depths:1)
  3 orc high priests (Orc:2)
  6 deep elf knights
  The ghost of TheGamingCockatoo the Cleaver, a novice MiBe of Trog (D:8)
  4 shadow wraiths (Depths:4)
  A wretched star (Abyss:4)
  4 sixfirhies
  10 iron trolls
  2 salamander mystics (Snake:4)
  6 skeletal warriors
  A spectral anaconda (Depths:4)
  A spriggan druid (Swamp:4)
  16 deep trolls
  3 death drakes
  5 flayed ghosts
  A spatial maelstrom (Abyss:4)
  7 unseen horrors
  9 glowing orange brains
  3 shambling mangroves
  A golden dragon skeleton (Depths:2)
  The ghost of Television the Protected, a novice MiBe of Trog (D:9)
  2 swamp dragons
  3 deep elf archers
  11 ironbrand convokers
  13 naga ritualists
  A lindwurm (Lair:6)
  5 spectral hydras (Swamp:4)
  15 orc knights
  8 phantasmal warriors
  Pikel (D:5)
  26 deep elf magi
  11 mana vipers
  10 necromancers
  8 wizards
  A wolf spider (shapeshifter) (Vaults:3)
  8 harpies
  A tengu skeleton (Depths:3)
  37 ugly things
  9 orc sorcerers
  3 wolf spiders
  A mana viper (shapeshifter) (Vaults:5)
  2 fauns (shapeshifter)
  A sphinx skeleton (Depths:2)
  2 manticores (Lair:6)
  An orb spider (shapeshifter) (Depths:1)
  48 slime creatures
  2 salamanders (shapeshifter)
  6 moths of wrath
  A shining eye (shapeshifter) (Vaults:2)
  An iron dragon skeleton (Depths:3)
  9 cyclopes
  A worldbinder (Abyss:4)
  17 naga magi
  A moth of wrath (shapeshifter) (Vaults:4)
  3 salamanders
  A guardian serpent (shapeshifter) (Vaults:1)
  6 elephants (Lair:2)
  Joseph (D:10)
  45 black mambas
  An apocalypse crab (Abyss:4)
  8 guardian serpents (Snake:4)
  18 vault sentinels
  Psyche (D:8)
  2 orange demons
  22 spiny frogs
  4 gargoyles
  A water nymph (shapeshifter) (Vaults:5)
  2 rust devils
  2 ice statues
  2 rime drakes
  A dire elephant skeleton (Abyss:4)
  2 smoke demons (D:12)
  6 swamp worm zombies (Swamp:4)
  13 freezing wraiths
  An efreet (D:14)
  A kobold demonologist (D:12)
  2 spiny frogs (shapeshifter)
  A rime drake (shapeshifter) (D:15)
  2 spectral merfolk (Depths:4)
  7 ice devils
  A golden dragon simulacrum (IceCv)
  70 yaktaurs
  5 komodo dragons
  2 ancient zymes (Abyss:4)
  2 tormentors
  3 hellwings
  A jumping spider (Vaults:3)
  A red devil (Volcano)
  5 tengu conjurers
  3 hydra zombies (Swamp:4)
  5 anaconda simulacra
  A polar bear (Lair:4)
  A queen bee (Lair:2)
  A meliai (shapeshifter) (Vaults:5)
  7 trolls
  8 tyrant leeches
  2 wolf spider simulacra (IceCv)
  A merfolk (shapeshifter) (Vaults:3)
  Prince Ribbit (Lair:1)
  A blink frog (shapeshifter) (Vaults:2)
  15 hornets
  26 blink frogs
  15 large abominations
  9 hippogriffs
  A wind drake (shapeshifter) (Vaults:4)
  6 dream sheep (Lair:4)
  A fire giant simulacrum (Depths:3)
  4 alligator zombies (Swamp:4)
  14 small abominations
  An ice dragon zombie (Abyss:4)
  2 dream sheep (shapeshifter)
  12 bog bodies
  2 raiju (Depths:4)
  4 spriggans
  3 water elementals (Depths:4)
  A redback (Vaults:3)
  A redback (shapeshifter) (Vaults:5)
  6 air elementals
  7 shadows
  5 wyverns
  2 vampires (Depths:4)
  2 ynoxinuls (Abyss:4)
  5 hogs (Swamp:1)
  60 yaks
  A basilisk (Lair:2)
  4 wraiths
  A golden eye (shapeshifter) (Vaults:1)
  3 golden eyes (Depths:4)
  11 chaos spawn
  6 neqoxecs
  A spriggan simulacrum (Depths:2)
  A steam dragon (D:13)
  3 hungry ghosts
  20 vampire mosquitoes
  A swamp worm (shapeshifter) (Vaults:3)
  A death yak simulacrum (IceCv)
  3 iron troll simulacra (IceCv)
  10 swamp worms
  22 wargs
  13 insubstantial wisps
  4 harpy simulacra (IceCv)
  24 soldier ants
  4 hydra simulacra
  68 nagas
  3 acid dragons
  4 hell hounds (Depths:4)
  3 spectral trolls (Depths:4)
  A spectral spriggan (Depths:4)
  6 water moccasins
  A floating eye (Depths:4)
  21 porcupines
  2 ice beasts
  39 orc warriors
  8 swamp drakes
  An ettin simulacrum (IceCv)
  3 hornet zombies
  A snapping turtle zombie (Abyss:4)
  7 sky beasts
  A necrophage (D:11)
  An eye of draining (D:12)
  4 swamp dragon zombies (Swamp:4)
  27 ogres
  6 phantoms
  19 wolves
  15 crocodiles
  8 centaurs
  2 big kobolds (D:12)
  20 bullfrogs
  A wyvern zombie (D:10)
  3 scorpions
  A wyvern skeleton (D:14)
  4 spectral ogres (Depths:4)
  3 spectral nagas (Depths:4)
  A human simulacrum (Vaults:2)
  34 killer bees
  A manticore simulacrum (Abyss:4)
  4 wights
  2 electric eels
  7 spectral centaurs (Depths:4)
  5 centaur zombies
  4 bullfrog zombies
  6 crimson imps
  2 quasits
  26 starcursed masses (Abyss:4)
  4 draconian simulacra (IceCv)
  3 jellies
  A bullfrog skeleton (D:8)
  3 centaur skeletons
  6 hounds
  31 orc priests
  A gnoll shaman (D:6)
  3 iguanas
  Terence (D:2)
  25 orc wizards
  3 spectral swamp drakes (Swamp:4)
  26 worker ants
  5 hell rats (Lair:4)
  4 troll simulacra (IceCv)
  2 wolf simulacra (IceCv)
  A killer bee zombie (D:6)
  A centaur simulacrum (IceCv)
  2 hound skeletons
  6 gnolls (D:6)
  A naga simulacrum (IceCv)
  7 adders
  An ogre simulacrum (IceCv)
  5 shadow imps
  2 white imps (IceCv)
  8 ufetubi
  An ooze (D:6)
  An adder skeleton (D:8)
  A worm (D:5)
  9 dart slugs
  3 leopard geckos
  102 orcs
  A ball python (D:4)
  3 giant cockroaches
  A hobgoblin (shapeshifter) (Vaults:5)
  5 hobgoblins
  4 jackals (D:2)
  2 kobolds (D:2)
  11 quokkas
  9 bats
  9 frilled lizards
  12 goblins
  A leopard gecko skeleton (D:8)
  2 leopard gecko zombies
  9 rats
  3 briar patches (Swamp:2)
  A starspawn tentacle (Abyss:4)
2286 creatures vanquished.

Vanquished Creatures (others)
  Margery (Depths:4)
  Nikola (Depths:3)
  A vampire knight (Depths:3)
  An ettin (Depths:4)
  A rakshasa (Depths:4)
  An anaconda (Snake:4)
  A hell hog (Abyss:4)
  A deep elf knight (Vaults:2)
  A moth of wrath (Zot:5)
  A spriggan (Swamp:1)
  A shadow (Depths:4)
  An air elemental (Depths:5)
  2 golden eyes (Depths:4)
  An ogre (Vaults:5)
  A starcursed mass (Abyss:4)
  An orc wizard (Vaults:5)
  An ufetubus (IceCv)
  4 orcs
  A quokka (D:5)
  3 briar patches
  25 fungi
  A lurking horror (Abyss:4)
  40 plants
  4 starspawn tentacles (Abyss:4)
  3 toadstools (Swamp:2)
99 creatures vanquished.

Grand Total: 2385 creatures vanquished

Notes
Turn   | Place    | Note
-------+----------+-------------------------------------------
     0 | D:1      | botchamania the Gargoyle Fighter began the quest for the Orb.
     0 | D:1      | Reached XP level 1. HP: 14/14 MP: 1/1
   175 | D:1      | Reached XP level 2. HP: 19/19 MP: 2/2
   610 | D:2      | Reached XP level 3. HP: 23/23 MP: 3/3
   954 | D:2      | Found a white marble altar of Elyvilon.
  1049 | D:2      | Noticed Terence
  1059 | D:2      | Killed Terence
  1059 | D:2      | Reached XP level 4. HP: 21/28 MP: 4/4
  1920 | D:3      | Reached skill level 5 in Maces & Flails
  1920 | D:3      | Reached XP level 5. HP: 32/32 MP: 5/5
  2176 | D:3      | Found a basalt altar of Yredelemnul.
  2709 | D:4      | Reached XP level 6. HP: 37/37 MP: 6/6
  3193 | D:5      | Entered Level 5 of the Dungeon
  3196 | D:5      | Found a radiant altar of Vehumet.
  3196 | D:5      | Found a shadowy altar of Dithmenos.
  3295 | D:5      | Found a white marble altar of Elyvilon.
  3423 | D:5      | Noticed a slave
  3424 | D:5      | Noticed a slave
  3424 | D:5      | Noticed a slave
  3430 | D:5      | Noticed Pikel
  3431 | D:5      | Noticed a slave
  3451 | D:5      | Reached XP level 7. HP: 14/41 MP: 7/7
  3465 | D:5      | Killed Pikel
  3465 | D:5      | Reached XP level 8. HP: 22/46 MP: 8/8
  3838 | D:6      | Found a staircase to the Ecumenical Temple.
  3849 | Temple   | Entered the Ecumenical Temple
  3912 | Temple   | Became a worshipper of Makhleb the Destroyer
  3939 | D:6      | Found a radiant altar of Vehumet.
  4039 | D:6      | Reached skill level 10 in Maces & Flails
  4645 | D:7      | Noticed a spriggan baker
  4658 | D:7      | Killed a spriggan baker
  4658 | D:7      | Reached skill level 4 in Fighting
  4658 | D:7      | Reached XP level 9. HP: 49/52 MP: 9/9
  4691 | D:7      | Found a glowing silver altar of Zin.
  4778 | D:7      | Reached * piety under Makhleb
  5045 | D:8      | Noticed TheGamingCockatoo's ghost (novice MiBe)
  5059 | D:8      | Killed TheGamingCockatoo's ghost
  5059 | D:8      | Reached skill level 5 in Fighting
  5059 | D:8      | Reached skill level 5 in Armour
  5191 | D:8      | Reached skill level 6 in Fighting
  5732 | D:8      | Found an iron altar of Okawaru.
  5938 | D:8      | Reached skill level 7 in Fighting
  5969 | D:8      | Noticed Psyche
  5975 | D:8      | Killed Psyche
  5975 | D:8      | Reached XP level 10. HP: 58/63 MP: 10/10
  6105 | D:9      | Found a staircase to the Lair.
  6123 | D:9      | Reached skill level 8 in Fighting
  6214 | D:9      | Found a roughly hewn altar of Beogh.
  6222 | D:9      | Reached ** piety under Makhleb
  6390 | D:9      | Noticed Television's ghost (novice MiBe)
  6409 | D:9      | Killed Television's ghost
  6426 | D:9      | Noticed a two-headed ogre
  6466 | D:9      | Killed a two-headed ogre
  6466 | D:9      | Reached skill level 9 in Fighting
  6712 | D:9      | Found a staircase to the Orcish Mines.
  7095 | Lair:1   | Entered Level 1 of the Lair of Beasts
  7104 | Lair:1   | Reached skill level 10 in Fighting
  7104 | Lair:1   | Reached skill level 10 in Armour
  7139 | Lair:1   | Reached *** piety under Makhleb
  7157 | Lair:1   | Noticed a black mamba
  7175 | Lair:1   | Killed a black mamba
  7175 | Lair:1   | Reached XP level 11. HP: 48/73 MP: 11/11
  7523 | Lair:1   | Reached skill level 11 in Fighting
  7742 | Lair:1   | Noticed Prince Ribbit
  7839 | Lair:1   | Killed Prince Ribbit
  8260 | Lair:2   | Reached skill level 12 in Fighting
  8369 | Lair:2   | Reached XP level 12. HP: 68/81 MP: 12/12
  8484 | Lair:2   | Reached **** piety under Makhleb
  8907 | Lair:2   | Reached skill level 13 in Fighting
  9916 | Lair:3   | Found a shattered altar of Ashenzari.
 10419 | Lair:4   | Reached XP level 13. HP: 89/89 MP: 13/13
 10441 | Lair:4   | Noticed an entropy weaver
 10664 | Lair:4   | Reached skill level 14 in Fighting
 10923 | Lair:4   | Reached ***** piety under Makhleb
 11107 | Lair:4   | Noticed an entropy weaver
 11535 | Lair:5   | Got a pair of ancient gloves
 11642 | Lair:5   | Found a dark tunnel.
 11648 | Volcano  | Entered a volcano
 11659 | Volcano  | Gained mutation: Your spells are a little harder to cast, but a little more powerful. [potion of mutation]
 11659 | Volcano  | Gained mutation: You are partially covered in icy blue scales. (AC +2) [potion of mutation]
 11703 | Volcano  | Paralysed by an orc sorcerer for 6 turns
 11783 | Lair:5   | Identified the +0 pair of gloves of the New World {Str+9 Int-2} (You found it on level 5 of the Lair of Beasts)
 12060 | Lair:6   | Entered Level 6 of the Lair of Beasts
 12148 | Lair:6   | Found a labyrinth entrance.
 12203 | Lab      | Entered a labyrinth
 12452 | Lab      | Noticed a minotaur
 12458 | Lab      | Killed a minotaur
 12899 | Lair:6   | Got a twitching wooden ring
 12902 | Lair:6   | Identified the ring of Sauqoomn {Fire Int+7} (You found it on level 6 of the Lair of Beasts)
 13003 | Lair:6   | Gained mutation: Your large and strong wings let you fly indefinitely. [Gargoyle growth]
 13003 | Lair:6   | Reached XP level 14. HP: 96/96 MP: 14/14
 13198 | Lair:6   | Noticed Fingolfin's ghost (journeyman NaTm)
 13268 | Lair:6   | Reached skill level 15 in Maces & Flails
 13296 | Lair:6   | Killed Fingolfin's ghost
 13633 | Lair:6   | Found a viscous altar of Jiyva.
 13633 | Lair:6   | Found a staircase to the Slime Pits.
 13705 | Lair:6   | Reached ****** piety under Makhleb
 13758 | Lair:4   | Killed an entropy weaver
 14092 | Orc:1    | Entered Level 1 of the Orcish Mines
 14533 | Orc:2    | Entered Level 2 of the Orcish Mines
 14544 | Orc:2    | Found a staircase to the Elven Halls.
 14602 | Orc:2    | Noticed Snorg
 14616 | Orc:2    | Killed Snorg
 14788 | Orc:2    | Noticed Nessos
 14816 | Orc:2    | Killed Nessos
 15148 | Orc:2    | Found a roughly hewn altar of Beogh.
 15164 | Orc:2    | Noticed Sonja
 15173 | Orc:2    | Killed Sonja
 15388 | Orc:1    | Reached XP level 15. HP: 72/101 MP: 15/15
 15524 | Orc:2    | Noticed an orc warlord
 15719 | Orc:1    | Killed an orc warlord
 15961 | Orc:2    | Paralysed by an orc sorcerer for 3 turns
 16136 | Orc:2    | Found Buotaci's Antique Armour Shop.
 16137 | Orc:2    | Found Pidderit's Antique Weapon Shop.
 16139 | Orc:2    | Found Dabon's General Store.
 16139 | Orc:2    | Found Poklop's Book Boutique.
 16156 | Orc:2    | Bought a scroll of enchant armour for 112 gold pieces
 16392 | Orc:2    | Bought a pair of runed gloves for 180 gold pieces
 16698 | D:10     | Entered Level 10 of the Dungeon
 16698 | D:10     | Noticed Joseph
 16709 | D:10     | Killed Joseph
 16866 | D:10     | Found Esiehoru's Assorted Antiques.
 17095 | D:10     | Bought a scroll of identify for 48 gold pieces
 17095 | D:10     | Bought a fluorescent wand for 96 gold pieces
 17116 | D:10     | Identified a scroll of acquirement
 17356 | D:11     | Found a blossoming altar of Fedhas.
 17386 | D:11     | Found a shimmering altar of Xom.
 18375 | D:12     | Noticed pichaelthompson's ghost (journeyman DsBe)
 18397 | D:12     | Killed pichaelthompson's ghost
 18518 | D:12     | Found a portal to a secret trove of treasure.
 19575 | D:13     | Reached XP level 16. HP: 107/107 MP: 16/16
 19912 | D:14     | Found a gate to the Vaults.
 20536 | D:15     | Entered Level 15 of the Dungeon
 20847 | D:15     | Found a staircase to the Depths.
 21656 | Lair:4   | Found a staircase to the Snake Pit.
 21849 | Lair:4   | Found a staircase to the Swamp.
 22060 | Swamp:1  | Entered Level 1 of the Swamp
 22244 | Swamp:1  | Noticed Louise
 22263 | Swamp:1  | Killed Louise
 22356 | Swamp:1  | Noticed a thorn hunter
 22364 | Swamp:1  | Killed a thorn hunter
 22578 | Swamp:1  | Reached skill level 15 in Armour
 22603 | Swamp:1  | Noticed Kirke
 22619 | Swamp:1  | Noticed a sphinx
 22625 | Swamp:1  | Paralysed by a sphinx for 3 turns
 22643 | Swamp:1  | Killed Kirke
 22836 | Swamp:2  | Reached skill level 15 in Fighting
 23063 | Swamp:2  | Identified Rikoli Walu's Tome of the Dusty Oath
 23095 | Swamp:2  | Noticed a thorn hunter
 23121 | Swamp:2  | Killed a thorn hunter
 23210 | Swamp:2  | Noticed Aizul
 23212 | Swamp:2  | Identified Lefriap's Disquisition on Mutagenic Darkness
 23231 | Swamp:2  | Killed Aizul
 23231 | Swamp:2  | Reached XP level 17. HP: 113/113 MP: 17/17
 23995 | Swamp:3  | Noticed Roxanne
 24333 | Swamp:4  | Entered Level 4 of the Swamp
 24456 | Swamp:4  | Reached skill level 16 in Fighting
 24595 | Swamp:4  | Reached skill level 1 in Invocations
 24706 | Swamp:4  | Noticed a bone dragon
 24728 | Swamp:4  | Killed a bone dragon
 24743 | Swamp:4  | Got a decaying rune of Zot
 25434 | Snake:1  | Entered Level 1 of the Snake Pit
 25458 | Snake:1  | Found Bajybb's General Store.
 25469 | Snake:1  | Bought a scroll of enchant weapon for 120 gold pieces
 25501 | Snake:1  | Found a frozen archway.
 25514 | IceCv    | Entered an ice cave
 25899 | IceCv    | Noticed an Ice Fiend
 25933 | IceCv    | Killed an Ice Fiend
 25933 | IceCv    | Reached skill level 5 in Invocations
 26593 | Snake:1  | Reached XP level 18. HP: 122/122 MP: 22/22
 26625 | Snake:1  | Reached skill level 1 in Dodging
 26630 | Snake:1  | Reached skill level 17 in Fighting
 27870 | Snake:3  | Found Dammer's Magic Scroll Boutique.
 28781 | Snake:4  | Entered Level 4 of the Snake Pit
 28785 | Snake:4  | Reached skill level 18 in Fighting
 28932 | Snake:4  | Noticed fili's ghost (adept GrBe)
 28947 | Snake:4  | Killed fili's ghost
 29786 | Snake:4  | Reached skill level 5 in Dodging
 29821 | Snake:4  | Reached XP level 19. HP: 131/131 MP: 0/25
 30080 | Snake:4  | Reached skill level 19 in Fighting
 30295 | Snake:4  | Got a serpentine rune of Zot
 30324 | Snake:4  | Reached skill level 10 in Invocations
 31110 | Vaults:1 | Entered Level 1 of the Vaults
 31298 | Vaults:1 | Cast into level 2 of the Abyss (a wizard)
 31313 | Vaults:1 | Escaped the Abyss
 31832 | Vaults:1 | Found Vatudar's General Store.
 31913 | Vaults:1 | Reached skill level 20 in Fighting
 31987 | Vaults:1 | Reached XP level 20. HP: 140/140 MP: 28/28
 34381 | Vaults:2 | Reached skill level 21 in Fighting
 34551 | Vaults:2 | Gained mutation: Scrolls take you a little longer to read. [a shining eye]
 34553 | Vaults:2 | Reached XP level 21. HP: 112/148 MP: 21/30
 34680 | Vaults:2 | Found a staircase to the Crypt.
 35009 | Vaults:2 | Cast into level 4 of the Abyss (the power of Zot)
 35055 | Abyss:4  | Gained mutation: Your body sometimes deteriorates upon taking damage. [a neqoxec]
 35062 | Abyss:4  | Gained mutation: Scrolls take you longer to read. [a neqoxec]
 35068 | Abyss:4  | Gained mutation: You are mostly covered in icy blue scales. (AC +3) [a neqoxec]
 35179 | Abyss:4  | Noticed a profane servitor
 35210 | Abyss:4  | Killed a profane servitor
 35226 | Abyss:4  | Paralysed by accursed screaming for 1 turns
 35233 | Abyss:4  | Paralysed by accursed screaming for 1 turns
 35240 | Abyss:4  | Paralysed by accursed screaming for 1 turns
 35311 | Abyss:4  | Paralysed by accursed screaming for 1 turns
 35326 | Abyss:4  | Paralysed by accursed screaming for 2 turns
 35348 | Abyss:4  | Paralysed by accursed screaming for 2 turns
 35354 | Abyss:4  | Paralysed by accursed screaming for 1 turns
 35410 | Vaults:2 | Escaped the Abyss
 35660 | Vaults:3 | Noticed Xtahua
 35660 | Vaults:3 | Paralysed by Xtahua for 3 turns
 35680 | Vaults:3 | Killed Xtahua
 35992 | Vaults:3 | Noticed Mennas
 36018 | Vaults:3 | Killed Mennas
 36179 | Vaults:3 | Reached skill level 22 in Fighting
 36356 | Vaults:3 | Got a jewelled ring mail
 36358 | Vaults:3 | Reached skill level 10 in Dodging
 36361 | Vaults:3 | Identified the +7 ring mail "Duchem" {rPois rC+ Int+2} (You found it on level 3 of the Vaults)
 36389 | Vaults:3 | Got a faintly glowing great mace
 36390 | Vaults:3 | Identified the +11 great mace of Fihe {crush, rF- rN+ Str+7 Int+2} (You found it on level 3 of the Vaults)
 36656 | Vaults:3 | Reached XP level 22. HP: 146/156 MP: 31/31
 36818 | Vaults:3 | Found Weahomua's Gadget Shoppe.
 37322 | Vaults:4 | Noticed Boris
 37334 | Vaults:4 | Killed Boris
 37697 | Vaults:4 | Found Kuiwk's Antique Weapon Emporium.
 37729 | Vaults:4 | Cast into level 3 of the Abyss (vault warden)
 37763 | Vaults:4 | Escaped the Abyss
 38236 | Vaults:4 | Cast into level 3 of the Abyss (a deep elf sorcerer)
 38255 | Vaults:4 | Escaped the Abyss
 38312 | Vaults:5 | Entered Level 5 of the Vaults
 38312 | Vaults:5 | Noticed Jorgrun
 38557 | Vaults:5 | Noticed Saint Roka
 38612 | Vaults:5 | Killed Saint Roka
 38703 | Vaults:5 | Noticed a golden dragon
 38712 | Vaults:5 | Killed a golden dragon
 38712 | Vaults:5 | Reached XP level 23. HP: 164/164 MP: 32/32
 38898 | Vaults:5 | Identified Gazoin's Guide on Shape Shifting
 38910 | Vaults:5 | Noticed a golden dragon
 38920 | Vaults:5 | Killed a golden dragon
 39032 | Vaults:5 | Reached skill level 23 in Fighting
 39165 | Vaults:5 | Killed Jorgrun
 39562 | Vaults:5 | Got a silver rune of Zot
 40735 | Snake:3  | Bought a scroll of acquirement for 936 gold pieces
 40758 | Snake:3  | Bought 3 scrolls of teleportation for 162 gold pieces
 40758 | Snake:3  | Bought a scroll of blinking for 135 gold pieces
 40758 | Snake:3  | Bought a scroll of enchant weapon for 135 gold pieces
 40758 | Snake:3  | Bought a scroll of blinking for 135 gold pieces
 41071 | Depths:1 | Entered Level 1 of the Depths
 41221 | Depths:1 | Found a gateway to Hell.
 41455 | Depths:1 | Identified the Disquisition on the Helpful Entourage
 41487 | Depths:1 | Reached XP level 24. HP: 172/172 MP: 32/32
 41610 | Depths:1 | Found a one-way gate to the infinite horrors of the Abyss.
 41757 | Depths:1 | Found a one-way gate leading to the halls of Pandemonium.
 43089 | Depths:2 | Got a pair of spiked gloves
 43092 | Depths:2 | Identified the cursed +0 pair of gloves of an ossuary {rF+ rCorr} (You found it on level 2 of the Depths)
 43225 | Depths:2 | Reached skill level 1 in Evocations
 43242 | Depths:2 | Found a gateway to a ziggurat.
 43614 | Depths:2 | Identified the Handbook of Translocation
 43860 | Depths:3 | Noticed a juggernaut
 43881 | Depths:3 | Killed a juggernaut
 43956 | Depths:3 | Identified the Grimoire of Ignition
 43985 | Depths:3 | Reached skill level 24 in Fighting
 43999 | Depths:3 | Reached skill level 1 in Spellcasting
 44129 | Depths:3 | Reached XP level 25. HP: 168/178 MP: 32/32
 44290 | Depths:3 | Noticed Nikola
 44307 | Depths:3 | Killed Nikola
 44589 | Depths:3 | Found Koucumy's Antique Armour Shoppe.
 44677 | Depths:3 | Reached skill level 5 in Evocations
 44812 | Depths:3 | Gained mutation: You tend to lose your temper in combat. [a neqoxec]
 45007 | Depths:3 | Bought a runed helmet for 315 gold pieces
 45007 | Depths:3 | Bought a pair of glowing boots for 315 gold pieces
 45027 | Depths:3 | Identified a +1 pair of boots of running (You bought it in a shop on level 3 of the Depths)
 45102 | Depths:4 | Noticed Margery
 45127 | Depths:4 | Killed Margery
 45572 | Depths:4 | Lost mutation: Scrolls take you longer to read. [potion of mutation]
 45572 | Depths:4 | Lost mutation: Your body sometimes deteriorates upon taking damage. [potion of mutation]
 45572 | Depths:4 | Lost mutation: You tend to lose your temper in combat. [potion of mutation]
 45572 | Depths:4 | Gained mutation: Your flesh is heat resistant. (rF+) [potion of mutation]
 45572 | Depths:4 | Gained mutation: You possess an exceptional clarity of mind. [potion of mutation]
 45748 | Depths:4 | Paralysed by a floating eye for 4 turns
 45756 | Depths:4 | Paralysed by a floating eye for 2 turns
 45761 | Depths:4 | Paralysed by a floating eye for 2 turns
 45774 | Depths:4 | Reached skill level 5 in Spellcasting
 46017 | Depths:5 | Entered Level 5 of the Depths
 46247 | Depths:5 | Noticed a juggernaut
 46265 | Depths:5 | Killed a juggernaut
 46265 | Depths:5 | Reached XP level 26. HP: 186/186 MP: 32/32
 46269 | Depths:5 | Found a gate to the Realm of Zot.
 46275 | Zot:1    | Entered Level 1 of the Realm of Zot
 46594 | Zot:5    | Entered Level 5 of the Realm of Zot
 47066 | Zot:5    | Noticed an ancient lich
 47076 | Zot:5    | Killed an ancient lich
 47076 | Zot:5    | Reached skill level 25 in Fighting
 47204 | Zot:5    | Noticed an ancient lich
 47215 | Zot:5    | Killed an ancient lich
 47287 | Zot:5    | Noticed an orb of fire
 47292 | Zot:5    | Gained mutation: Your magical capacity is low. (-10% MP) [an orb of fire]
 47299 | Zot:5    | Gained mutation: You are clumsy. (Dex -2) [an orb of fire]
 47301 | Zot:5    | Killed an orb of fire
 47388 | Zot:5    | Reached XP level 27. HP: 132/193 MP: 31/31
 47440 | Zot:5    | Reached skill level 15 in Dodging
 47465 | Zot:5    | Got the Orb of Zot
 47673 | Zot:2    | Noticed Juegaar the pandemonium lord
 47702 | Zot:1    | Gained mutation: Your magical capacity is very low. (-20% MP) [a cacodemon]
 47777 | Depths:4 | Noticed an ancient lich
 47783 | Depths:4 | Killed an ancient lich
 47783 | Depths:4 | Reached skill level 10 in Evocations
 48506 | D:2      | Gained mutation: You are frail. (-10% HP) [a neqoxec]
 48617 | D:$      | Escaped with the Orb!

Skill      XL: |  1  2  3  4  5  6  7  8  9 10 11 12 13 14 15 16 17 18 19 20 21 22 23 24 25 26 27 |
---------------+----------------------------------------------------------------------------------+-----
Maces & Flails | 3 4 5 6 7 9 10 11 13 16 19 20 21 22 | 22.5
Fighting       | 4 7 10 12 13 14 15 16 18 20 21 22 23 24 25 | 25.4
Armour         | 4 7 10 12 14 15 17 18 19 20 21 22 | 22.3
Invocations    | 5 8 10 12 | 12.6
Dodging        | 5 7 8 10 11 12 13 14 15 | 15.2
Evocations     | 4 7 9 10 | 10.2
Spellcasting   | 2 5 8 9 |  9.2
Shields        | |  3.2

Action                   |  1- 3 |  4- 6 |  7- 9 | 10-12 | 13-15 | 16-18 | 19-21 | 22-24 | 25-27 || total
-------------------------+-------+-------+-------+-------+-------+-------+-------+-------+-------++-------
Melee: Flail             |    26 |   191 |   282 |  1211 |   447 |       |       |       |       ||  2157
       Dagger            |    77 |       |       |       |       |       |       |       |       ||    77
       Great mace        |       |       |       |       |  1151 |  1692 |  1668 |  1276 |  1268 ||  7055
 Abil: Fly               |       |       |       |       |       |     1 |       |       |       ||     1
Evoke: Wand              |       |       |       |       |     2 |       |       |       |       ||     2
  Use: Scroll            |       |     6 |     5 |     7 |    15 |    15 |    10 |    12 |    12 ||    82
       Potion            |       |     1 |     1 |       |     5 |     3 |     8 |       |     5 ||    23
 Stab: Confused          |       |       |       |       |       |     1 |       |       |       ||     1
       Distracted        |       |       |       |       |       |       |       |     1 |       ||     1
  Eat: Chunk             |     1 |     3 |     9 |     6 |    15 |     5 |     8 |     2 |       ||    49
       Bread ration      |       |     1 |       |     3 |     3 |     6 |     4 |     3 |     3 ||    23
       Meat ration       |       |       |       |       |     1 |       |       |     1 |       ||     2
       Fruit             |       |       |       |       |       |     2 |     1 |     1 |     3 ||     7
Armor: Scale mail        |    38 |       |       |       |       |       |       |       |       ||    38
       Chain mail        |       |    66 |       |       |       |       |       |       |       ||    66
       Quicksilver drago |       |    53 |    79 |       |       |       |       |       |       ||   132
       Plate armour      |       |       |    74 |  1223 |  1744 |  1683 |  1583 |   979 |  1195 ||  8481
Dodge: Dodged            |    12 |    51 |    56 |   298 |   583 |   712 |   991 |   798 |  1137 ||  4638
Block: Shield            |    48 |    84 |   108 |   762 |   220 |       |       |       |       ||  1222
       Buckler           |       |       |       |       |    32 |       |       |       |       ||    32
